 Dungeon Crawl Stone Soup version 0.28-a0-973-ga7f8b01127 (webtiles) character file.

Game seed: 14916465804925458257

98 bearlyready the Conjurer (level 4, -1/24 HPs)
             Began as a Deep Elf Conjurer on Dec 1, 2021.
             Succumbed to a killer bee's poison
             ... on level 4 of the Dungeon.
             The game lasted 00:04:12 (2117 turns).

bearlyready the Conjurer (Deep Elf Conjurer)        Turns: 2117, Time: 00:04:12

Health: -1/24      AC:  5    Str:  4    XL:     4   Next: 43%
Magic:  3/10       EV: 12    Int: 25    God:
Gold:   85         SH:  4    Dex: 13    Spells: 6/9 levels left

rFire   . . .      SeeInvis .   c - +0 dagger
rCold   . . .      Faith    .   h - +0 buckler
rNeg    . . .      Spirit   .   a - +0 robe
rPois   .          Reflect  .   (no helmet)
rElec   .          Harm     .   (no cloak)
rCorr   .          Rampage  .   i - +2 pair of gloves
Will    .....                   (no boots)
Stlth   ++........              (no amulet)
HPRegen 0.08/turn               (no ring)
MPRegen 0.12/turn               (no ring)

@: lethally poisoned (-1 -> -18), attractive
A: no striking features
a: no special abilities


You were on level 4 of the Dungeon.
You visited 1 branch of the dungeon, and saw 4 of its levels.

You collected 85 gold pieces.

Inventory:

Hand Weapons
 c - a +0 dagger (weapon)
Missiles
 g - 113 stones
 m - 13 poisoned darts
Armour
 a - a +0 robe (worn)
 e - a +0 pair of gloves
 h - a +0 buckler (worn)
 i - a +2 pair of gloves (worn)
Jewellery
 j - a ring of resist corrosion
Scrolls
 b - a scroll of identify {unknown}
 d - a scroll of blinking {unknown}
 l - a scroll of teleportation {unknown}
Potions
 f - 2 potions of attraction
 k - a potion of might {unknown}


   Skills:
 - Level 2.4 Dodging
 - Level 2.4 Stealth
 + Level 1.3 Shields
 - Level 3.0 Spellcasting
 + Level 6.1 Conjurations


You had 6 spell levels left.
You knew the following spells:

 Your Spells              Type           Power      Damage    Failure   Level
a - Magic Dart            Conj           100%       1d8       1%          1
b - Searing Ray           Conj           68%        2d6       1%          2

Your spell library contained the following spells:

 Spells                   Type           Power      Damage    Failure   Level
 Dazzling Flash           Conj/Hex       38%        N/A       12%         3
 Fulminant Prism          Conj/Hex       9%         3d7       38%         4
 Iskenderun's Mystic Bla  Conj/Tloc      19%        2d6       38%         4


Dungeon Overview and Level Annotations

Branches:
Dungeon (4/15)
 Temple: D:4-7

Altars:

Annotations:
D:2 Sigmund


Message History

Aim: a killer bee (61% to hit)
The searing ray hits the killer bee.
The killer bee is moderately wounded. (Press . to maintain the ray.)
You feel sick.
Unknown command.
You feel sick. The killer bee closely misses you.
Casting: Searing Ray (safe; 1% risk of failure)
Confirm with . or Enter, or press ? or * to list all spells.
Aiming: Searing Ray (safe; 1% risk of failure)
Press: ? - help, Shift-Dir - straight line, f/p - killer bee
Aim: a killer bee (moderately wounded, 61% to hit)
The searing ray hits the killer bee.
The killer bee is moderately wounded.
The searing ray misses the killer bee. (Press . to maintain the ray.)
You feel sick. The killer bee closely misses you. The killer bee misses you.
The searing ray misses the killer bee. x2; You feel sick.
The killer bee barely misses you.
Casting: Searing Ray (safe; 1% risk of failure)
Confirm with . or Enter, or press ? or * to list all spells.
Restarting spell: Searing Ray (safe; 1% risk of failure)
Press: ? - help, Shift-Dir - straight line, f/p - killer bee
Aim: a killer bee (moderately wounded, 61% to hit)
The searing ray hits the killer bee.
The killer bee is moderately wounded.
The searing ray hits the killer bee!
The killer bee is almost dead. (Press . to maintain the ray.)
You feel sick.
You are no longer poisoned.
The killer bee stings you. x2
You are lethally poisoned!
The killer bee poisons you! The killer bee stings you.
* * * LOW HITPOINT WARNING * * *
You are more poisoned.
The killer bee poisons you! You block the killer bee's attack.
It was a potion of attraction.
You feel attractive to monsters.
You die...

#############............#
####...<.....# ##........#
#........# ##........#
#........... ##.#.##....##
###y.#.......#
##yy@#####..### #..### .#
#...## # #....## #... #..
#. #


You could see 3 killer bees.

Vanquished Creatures
  A jelly (D:4)
  2 adders
  2 worms
  A dart slug (D:2)
  5 bats
  6 endoplasms
  A giant cockroach (D:1)
  7 goblins
  3 hobgoblins
  3 jackals (D:2)
  A ball python (D:2)
  3 frilled lizards
  3 kobolds (D:3)
  5 rats
43 creatures vanquished.

Vanquished Creatures (others)
  2 fungi (D:1)
2 creatures vanquished.

Grand Total: 45 creatures vanquished

Notes
Turn   | Place    | Note
-------+----------+-------------------------------------------
     0 | D:1      | bearlyready the Deep Elf Conjurer began the quest for the
                  | Orb.
     0 | D:1      | Reached XP level 1. HP: 10/10 MP: 6/6
    76 | D:1      | Reached XP level 2. HP: 10/15 MP: 0/8
   190 | D:1      | Learned a level 2 spell: Searing Ray
   200 | D:1      | Reached skill level 5 in Conjurations
   229 | D:1      | You fall into a shaft and drop 1 floor!
   695 | D:2      | Reached XP level 3. HP: 19/19 MP: 5/9
  1143 | D:2      | Noticed Sigmund
  1950 | D:3      | Reached XP level 4. HP: 24/24 MP: 5/10
  1995 | D:4      | Reached skill level 1 in Shields
  2058 | D:4      | Reached skill level 6 in Conjurations
  2117 | D:4      | Succumbed to a killer bee's poison

Illustrated notes

Levels and vault maps discovered:
D:1:      dpeg_arrival_ratfight, layout_loops_ring, serial_glass,
          glass_columns_a, glass_columns_b, shapermc_ecumenical_altar_acropolis,
          minmay_close_crescents
D:2:      layout_basic, uniq_sigmund, uniq_jessica
D:3:      layout_basic
D:4:      layout_rooms, temple_doors_e, minmay_checkerbox

Skill      XL: |  1  2  3  4 |
---------------+-------------+-----
Conjurations   | 5 6 |  6.1
Shields        | 1 |  1.3
Dodging        | |  2.4
Stealth        | |  2.4
Spellcasting   | |  3.0

Action                   |  1- 3 |  4- 6 || total
-------------------------+-------+-------++-------
Melee: Unarmed           |     3 |       ||     3
       Dagger            |    37 |       ||    37
 Cast: Magic Dart        |    37 |       ||    37
       Searing Ray       |    12 |     5 ||    17
  Use: Potion            |       |     1 ||     1
 Stab: Sleeping          |     2 |       ||     2
Armor: Robe              |    26 |       ||    26
Dodge: Dodged            |    48 |     4 ||    52
Block: Buckler           |    14 |     1 ||    15

Table legend: (Time is in decaauts)
 A = Elapsed time spent in this place.
 B = Non-inter-level travel time spent in this place.
 C = Inter-level travel time spent in this place.
 D = Time resting spent in this place.
 E = Time spent auto-exploring this place.
 F = Levels seen in this place.
 G = Mean time per level.
                   A        B        C        D        E       F      G
               +--------+--------+--------+--------+--------+-----+--------+
         Total |   2119 |   2078 |     41 |    126 |   1570 |   4 |  529.8 |
       Dungeon |   2119 |   2078 |     41 |    126 |   1570 |   4 |  529.8 |
               +--------+--------+--------+--------+--------+-----+--------+

Top non-repeatable levels by time:
     D:2: 925 daAuts
     D:3: 829 daAuts
     D:1: 229 daAuts
     D:4: 135 daAuts
